 Dungeon Crawl Stone Soup version 0.23.1 (webtiles) character file.

Game seed: 4703193613581182652

20637 Irenicus the Tortoise (level 12, 0/94 HPs)
             Began as a Deep Dwarf Earth Elementalist on Mar 8, 2019.
             Was a High Priest of Makhleb.
             Slain by a freezing wraith (2 damage)
             ... in an ice cave.
             The game lasted 01:11:27 (8510 turns).

Irenicus the Tortoise (DDEE)                        Turns: 8510, Time: 01:11:28

Health: 0/94       AC: 36    Str: 15    XL:     12   Next: 47%
Magic:  14/14      EV:  4    Int: 27    God:    Makhleb [*****.]
Gold:   640        SH:  0    Dex: 13    Spells: 11/17 levels left

rFire    . . .     SeeInvis +   Z - +4 dagger (vamp) {!w}
rCold    + + +     Gourm    .   (no shield)
rNeg     . . .     Faith    .   E - +8 orange crystal plate armour {Archmagi, Int+3 Clar}
rPois    +         Spirit   .   u - +0 hat
rElec    +         Reflect  .   g - +1 cloak {rC+}
rCorr    +         Harm     .   X - +0 pair of gloves of the Clam {rC- MR++ Str+4 Int+2 SInv}
MR       +++..     Clarity  +   (no boots)
Stlth    ..........             z - amulet of the acrobat
HPRegen  0.00/turn              R - ring of protection from cold {rC+, !d}
MPRegen  0.14/turn              f - ring of ice {rC+, rF-}

@: resistant, very slightly contaminated, non-regenerating, slowed, very slow
A: damage resistance, heal wounds, sense surroundings 2, no regeneration
a: Heal Wounds, Minor Destruction, Lesser Servant of Makhleb, Major Destruction,
Greater Servant of Makhleb, Renounce Religion


You were in an ice cave.
You worshipped Makhleb.
Makhleb was extremely pleased with you.
You were not hungry.

You visited 1 branch of the dungeon, and saw 13 of its levels.
You also visited: Ice Cave.

You collected 640 gold pieces.

Inventory:

Hand Weapons
 Z - a +4 vampiric dagger (weapon) {!w}
   (You took it off a big kobold on level 13 of the Dungeon)
Missiles
 l - 3 stones (quivered)
 J - a throwing net {=f, !d}
Armour
 b - the +6 scale mail of the Modern Suns {rElec rC+ MR+ Str+4}
   (You found it on level 5 of the Dungeon)

   It affects your strength (+4).
   It protects you from cold.
   It insulates you from electricity.
   It affects your resistance to hostile enchantments.
 g - a +1 cloak of cold resistance (worn)
   (You found it in an ice cave)
 s - a +0 pair of gloves
   (You found it on level 6 of the Dungeon)
 u - a +0 hat (worn)
   (You found it on level 4 of the Dungeon)
 E - the +8 orange crystal plate armour (worn) {Archmagi, Int+3 Clar}
   (You found it on level 6 of the Dungeon)

   It affects your intelligence (+3).
   It protects you against confusion.
 L - +0 steam dragon scales
   (You found it on level 7 of the Dungeon)
 X - the +0 pair of gloves of the Clam (worn) {rC- MR++ Str+4 Int+2 SInv}
   (You found it on level 12 of the Dungeon)

   It affects your strength (+4).
   It affects your intelligence (+2).
   It makes you vulnerable to cold.
   It affects your resistance to hostile enchantments.
   It lets you see invisible.
Jewellery
 f - a ring of ice (right hand) {rC+, rF-}
   (You found it in an ice cave)
 i - a +4 ring of dexterity
   (You found it in an ice cave)
 k - an uncursed amulet of the gourmand {Gourm, !d}
   (You found it on level 1 of the Dungeon)
 n - an uncursed ring of poison resistance {rPois, !d}
   (You found it on level 3 of the Dungeon)
 o - a +5 ring of strength
   (You found it on level 3 of the Dungeon)
 q - an uncursed ring of resist corrosion
   (You found it on level 4 of the Dungeon)
 z - an amulet of the acrobat (around neck)
   (You found it on level 4 of the Dungeon)
 A - an uncursed ring of protection from fire {rF+, !d}
   (You found it on level 4 of the Dungeon)
 O - an uncursed ring of protection from magic {MR+, !d}
   (You found it on level 11 of the Dungeon)
 R - a ring of protection from cold (left hand) {rC+, !d}
   (You found it on level 10 of the Dungeon)
Wands
 c - a wand of iceblast (25)
   (You found it in an ice cave)
 M - a wand of paralysis (1)
   (You took it off Joseph on level 7 of the Dungeon)
Scrolls
 j - 7 scrolls of remove curse
 W - 3 scrolls of identify
 Y - a scroll of fog
Potions
 a - 3 potions of curing
 h - 2 potions of brilliance
 D - 3 potions of mutation {!q}
 F - a potion of lignification {!q}
 G - a potion of flight
 P - a potion of haste
Miscellaneous
 I - a phantom mirror
 Q - a box of beasts
Comestibles
 d - 24 rations


   Skills:
 - Level 2.3 Fighting
 - Level 8.1 Short Blades
 - Level 16.2 Armour
 - Level 2.1 Dodging
 - Level 2.4 Stealth
 - Level 3.4 Spellcasting
 - Level 0.8 Transmutations
 - Level 11.9 Earth Magic
 + Level 3.0 Invocations
 - Level 2.3 Evocations


You had 11 spell levels left.
You knew the following spells:

 Your Spells              Type           Power        Failure   Level  Hunger
a - Sandblast             Erth           ######       8%          1    None
w - Passwall              Tmut/Erth      ######..     75%         2    #......
x - Stone Arrow           Conj/Erth      ######       95%         3    ##.....

Your spell library contained the following spells:

 Spells                   Type           Power        Failure   Level  Hunger
 Lee's Rapid Deconstruct  Erth           #######...   91%         5    ######.
 Freeze                   Ice            ##..         100%        1    None
 Magic Dart               Conj           #...         100%        1    None
 Summon Small Mammal      Summ           #...         100%        1    None
 Blink                    Tloc           N/A          100%        2    #......
 Call Imp                 Summ           #.......     100%        2    #......
 Slow                     Hex            #.......     100%        2    #......
 Throw Frost              Conj/Ice       ##....       100%        2    #......
 Call Canine Familiar     Summ           #.......     100%        3    ##.....
 Conjure Flame            Conj/Fire      #.......     100%        3    ##.....
 Mephitic Cloud           Conj/Pois/Air  #.......     100%        3    ##.....
 Ozocubu's Armour         Chrm/Ice       ##......     100%        3    ##.....
 Summon Guardian Golem    Hex/Summ       #.......     100%        3    ##.....
 Ice Form                 Ice/Tmut       ###.....     100%        4    ####...
 Petrify                  Tmut/Erth      ######..     100%        4    ####...
 Summon Ice Beast         Ice/Summ       ##......     100%        4    ####...
 Summon Lightning Spire   Summ/Air       #.......     100%        4    ####...
 Throw Icicle             Conj/Ice       ##......     100%        4    ####...
 Metabolic Englaciation   Hex/Ice        ##........   100%        5    ######.
 Bolt of Cold             Conj/Ice       ##........   100%        6    #######
 Freezing Cloud           Conj/Ice/Air   ##........   100%        6    #######
 Ozocubu's Refrigeration  Ice            ##........   100%        6    #######
 Simulacrum               Ice/Necr       ##........   100%        6    #######


Dungeon Overview and Level Annotations

Branches:
Dungeon (13/15)            Temple (0/1) D:4            Lair (0/6) D:9
    Orc (0/2) D:9
 Vaults: D:13-14

Altars:
Ashenzari
Dithmenos
Elyvilon
Fedhas
Makhleb
Nemelex Xobeh
Okawaru
Qazlal
Trog
Uskayaw
Vehumet
Wu Jian
Yredelemnul
Zin
The Shining One

Shops:
D:4 }   D:6 %   D:9 *:*:   D:10 ?

Annotations:
D:3 2 transporters
D:7 1 transporter, Nordron's ghost, novice GrFE


Innate Abilities, Weirdness & Mutations

You are resistant to damage.
You can heal yourself by infusing magical energy.
You passively map the area around you.
You do not regenerate.


Message History

The white imp gestures at you. The puff of frost hits you. You resist.
The white imp closely misses you.
The white imp hits you but does no damage. x2
The white imp closely misses you.
The white imp shouts!
The white imp lashes its tail.
The white imp gestures at you. The puff of frost misses you.
The white imp misses you. The white imp puffs mist at you.
The white imp closely misses you. The white imp barely misses you.
The white imp misses you.
The white imp hits you but does no damage.
The white imp gestures at you.
The puff of frost hits you but does no damage.
The ice beast misses you. The white imp gestures at you.
The puff of frost misses you.
Really read
e - a scroll of blinking {!r}?
Blink to where?
As you read the scroll of blinking {!r}, it crumbles to dust.
The freezing wraith closely misses you.
The freezing wraith hits you but does no damage.
The freezing wraith misses you.
The freezing wraith hits you but does no damage.
The freezing wraith barely misses you.
The freezing wraith completely misses you.
The freezing wraith hits you but does no damage. x4
You recover from your berserk rage.
The freezing wraith barely misses you. The freezing wraith hits you.
* * * LOW HITPOINT WARNING * * *
The freezing wraith drains your vigour!
You feel as though you will be slow longer.
The freezing wraith closely misses you. The freezing wraith misses you.
You take 3 damage, and have 28/94 hp.
The freezing wraith closely misses you. x2
The freezing wraith barely misses you.
The freezing wraith hits you but does no damage.
The ice beast misses you.
The freezing wraith hits you but does no damage.
The freezing wraith barely misses you.
The freezing wraith hits you but does no damage. x2
The freezing wraith hits you but does no damage. x2
The freezing wraith completely misses you.
The freezing wraith barely misses you.
The freezing wraith hits you but does no damage.
The freezing wraith completely misses you.
The freezing wraith hits you but does no damage.
The freezing wraith completely misses you.
The freezing wraith completely misses you.
The freezing wraith hits you but does no damage. x2
The freezing wraith closely misses you.
The white imp summons a swarm of flies.
The freezing wraith hits you.
* * * LOW HITPOINT WARNING * * *
The freezing wraith freezes you! You resist.
* * * LOW HITPOINT WARNING * * *
The freezing wraith closely misses you.
The freezing wraith hits you but does no damage. x2
You take 7 damage, and have 21/94 hp.
The white imp laughs crazily.
The freezing wraith barely misses you. The freezing wraith closely misses you.
A freezing wraith comes into view.
You feel yourself speed up. The freezing wraith hits you.
* * * LOW HITPOINT WARNING * * *
The freezing wraith freezes you. You resist.
* * * LOW HITPOINT WARNING * * *
The freezing wraith misses you.
You take 3 damage, and have 18/94 hp.
The freezing wraith misses you. x2
A freezing wraith comes into view.
The ice beast completely misses you.
The ice beast hits you but does no damage. x2
Okay, then.
You feel protected.
The freezing wraith hits you but does no damage. x2
The ice beast hits you but does no damage.
The ice beast barely misses you.
Okay, then.
Okay, then.
A demon appears!
The freezing wraith hits you but does no damage. x2
The ice beast barely misses you. The freezing wraith barely misses you.
The freezing wraith hits you. The freezing wraith drains your vigour!
You feel yourself slow down. The ice beast barely misses you.
You take 4 damage, and have 14/94 hp.
You hit the ice beast but do no damage.
The freezing wraith hits your hellwing but does no damage.
The freezing wraith hits your hellwing!
The freezing wraith drains your hellwing's vigour!
Your hellwing seems to slow down.
The freezing wraith hits you!
* * * LOW HITPOINT WARNING * * *
The freezing wraith freezes you. You resist.
The freezing wraith closely misses you.
The ice beast hits you but does no damage.
The freezing wraith hits you!
* * * LOW HITPOINT WARNING * * *
The freezing wraith freezes you. You resist.
You die...

.....YY##....##....
*#.....####..#####..
#......#*#### *##.
##...W# ≈ *## ###
#...#*≈≈ ≈ ##.##
##W.# ### ≈ #...##
#4Y#* ≈##.##* ≈ ≈
#.W.Y####YY#
##...##### ≈#
#..#...#WW@#
#..#.....####
#W.##..WYW##
##..##W....##.
##.###.W.##
#..###W....##.
#..######
##.5###.......#
##..##
#..###.W......#
#W55## ##55#
#.......## ##..5##
#.W## #......###
##...####.##
##......# ##...##.W#
##..#...##


You could see 6 freezing wraiths, 4 ice beasts and a friendly hellwing.

Vanquished Creatures
  A centaur warrior (D:12)
  2 two-headed ogres
  2 unseen horrors (D:12)
  Pikel (D:7)
  A necromancer (IceCv)
  2 cyclopes
  An ice statue (IceCv)
  Joseph (D:7)
  A centaur skeleton (D:11)
  2 komodo dragons
  2 rime drakes (D:13)
  A kobold demonologist (D:13)
  A freezing wraith (IceCv)
  4 trolls
  Prince Ribbit (D:7)
  4 slime creatures (D:12)
  A wolf spider simulacrum (IceCv)
  A meliai zombie (D:11)
  A shadow (D:12)
  4 hippogriffs
  Sigmund (D:6)
  A vampire (D:12)
  11 yaks
  Eustachio (D:6)
  3 steam dragons
  A water moccasin (D:5)
  Duvessa (D:6)
  An acid dragon (D:12)
  2 porcupines (D:9)
  8 ice beasts
  3 sky beasts
  2 black bears
  8 orc warriors
  4 necrophages
  2 phantoms
  8 ogres
  4 centaurs
  6 big kobolds
  3 crocodiles (D:9)
  3 bullfrogs
  A gnoll sergeant (D:9)
  5 scorpions
  Dowan (D:6)
  An elephant simulacrum (IceCv)
  3 wights (D:6)
  3 howler monkeys
  11 crimson imps
  3 draconian simulacra (IceCv)
  A quasit (D:12)
  2 hounds
  A bullfrog zombie (D:12)
  2 centaur zombies
  2 orc priests
  2 jellies
  Crazy Yiuf (D:3)
  A bullfrog skeleton (D:8)
  5 iguanas
  9 orc wizards
  15 worker ants
  2 spriggan simulacra (IceCv)
  6 troll simulacra (IceCv)
  2 wolf simulacra (IceCv)
  A centaur simulacrum (IceCv)
  A mummy (D:11)
  3 worker ant zombies
  10 gnolls
  10 adders
  A howler monkey skeleton (D:5)
  2 naga simulacra (IceCv)
  5 ogre simulacra (IceCv)
  2 shadow imps
  6 white imps (IceCv)
  An ooze (D:1)
  2 adder skeletons
  A worm (D:2)
  4 leopard geckos
  41 orcs
  4 bats
  A giant cockroach (D:3)
  8 goblins
  A hobgoblin (D:1)
  19 jackals
  4 quokkas
  7 frilled lizards
  14 kobolds
  9 rats
  A spectral orc (D:9)
344 creatures vanquished.

Vanquished Creatures (collateral kills)
  2 freezing wraiths (IceCv)
2 creatures vanquished.

Vanquished Creatures (others)
  2 slaves (D:7)
  A bullfrog (D:7)
  A hound (D:7)
  A bat (D:2)
  A bush (D:9)
  A fungus (D:9)
  A plant (D:9)
8 creatures vanquished.

Grand Total: 354 creatures vanquished

Notes
Turn   | Place    | Note
-------+----------+-------------------------------------------
     0 | D:1      | Irenicus the Deep Dwarf Earth Elementalist began the quest
                  | for the Orb.
     0 | D:1      | Reached XP level 1. HP: 15/15 MP: 3/3
    30 | D:1      | Reached skill level 2 in Spellcasting
   185 | D:1      | Reached XP level 2. HP: 20/22 MP: 0/5
   596 | D:2      | Found an ornate altar of the Wu Jian Council.
   643 | D:2      | Reached XP level 3. HP: 15/28 MP: 0/7
   719 | D:2      | Found a stormy altar of Qazlal.
   721 | D:2      | Reached skill level 3 in Spellcasting
   753 | D:2      | Learned a level 2 spell: Passwall
   822 | D:2      | HP: 4/28 [gnoll/+0 halberd (11)]
   845 | D:2      | Reached XP level 4. HP: 21/36 MP: 0/8
   901 | D:2      | Reached skill level 5 in Earth Magic
   991 | D:2      | Learned a level 3 spell: Stone Arrow
  1318 | D:3      | Reached skill level 1 in Short Blades
  1340 | D:3      | HP: 7/36 [something/magic dart (3)]
  1389 | D:3      | HP: 8/36 [orc (2)]
  1406 | D:3      | Reached XP level 5. HP: 14/42 MP: 3/10
  1441 | D:3      | HP: 1/42 [gnoll/+0 halberd (10)]
  1451 | D:3      | HP: 9/42 [gnoll/+0 halberd (2)]
  1451 | D:3      | HP: 2/42 [worm (7)]
  1535 | D:3      | Found a transporter.
  1535 | D:3      | Found a transporter.
  1535 | D:3      | Noticed an orc warrior
  1552 | D:3      | Found a bloodstained altar of Trog.
  1683 | D:3      | Found a runed translucent door.
  1684 | D:3      | Noticed Crazy Yiuf
  1691 | D:3      | Killed Crazy Yiuf
  1691 | D:3      | Reached skill level 2 in Short Blades
  1799 | D:4      | Reached skill level 6 in Earth Magic
  1838 | D:4      | Found a burning altar of Makhleb.
  1841 | D:4      | Found a sparkling altar of Nemelex Xobeh.
  1843 | D:4      | Became a worshipper of Makhleb the Destroyer
  1963 | D:4      | Found a radiant altar of Vehumet.
  2094 | D:4      | Noticed an ogre
  2098 | D:4      | Killed an ogre
  2098 | D:4      | Reached skill level 7 in Earth Magic
  2098 | D:4      | Reached XP level 6. HP: 20/49 MP: 7/11
  2206 | D:4      | Found a staircase to the Ecumenical Temple.
  2229 | D:5      | Entered Level 5 of the Dungeon
  2280 | D:5      | Noticed an ice beast
  2283 | D:5      | Noticed a hippogriff
  2307 | D:5      | Reached skill level 8 in Earth Magic
  2309 | D:5      | Reached XP level 7. HP: 15/55 MP: 0/12
  2331 | D:5      | HP: 11/55 [phantom (4)]
  2342 | D:5      | Reached skill level 9 in Earth Magic
  2391 | D:5      | HP: 9/55 [jackal (2)]
  2492 | D:3      | Reached * piety under Makhleb
  2565 | D:3      | HP: 11/55 [gnoll (1)]
  2725 | D:4      | Found Witriz's Gadget Boutique.
  2798 | D:4      | Found a shadowy altar of Dithmenos.
  2983 | D:5      | Got a smoking scale mail
  3003 | D:5      | HP: 13/55 [worker ant (3)]
  3024 | D:4      | Identified the +6 scale mail of the Modern Suns {rElec rC+
                  | MR+ Str+4} (You found it on level 5 of the Dungeon)
  3027 | D:5      | HP: 9/55 [water moccasin (4)]
  3064 | D:5      | Reached skill level 10 in Earth Magic
  3168 | D:5      | HP: 12/55 [orc/+0 dagger (3)]
  3232 | D:5      | Reached skill level 3 in Short Blades
  3278 | D:5      | Reached XP level 8. HP: 18/62 MP: 1/12
  3320 | D:5      | Killed a hippogriff
  3320 | D:5      | Reached skill level 4 in Short Blades
  3378 | D:5      | Noticed a troll
  3384 | D:5      | Reached skill level 5 in Short Blades
  3386 | D:5      | HP: 15/62 [troll (7)]
  3387 | D:5      | Killed a troll
  3387 | D:5      | Reached skill level 6 in Short Blades
  3574 | D:6      | Reached ** piety under Makhleb
  3591 | D:6      | Noticed Dowan
  3591 | D:6      | Noticed Duvessa
  3610 | D:6      | Reached skill level 1 in Armour
  3611 | D:6      | Killed Dowan
  3611 | D:6      | Reached skill level 2 in Armour
  3616 | D:6      | HP: 14/62 [Duvessa/+0 rapier (7)]
  3619 | D:6      | Killed Duvessa
  3619 | D:6      | Reached skill level 3 in Armour
  3627 | D:6      | HP: 6/62 [orc warrior/+0 dire flail (1)]
  3638 | D:6      | Found a blossoming altar of Fedhas.
  3711 | D:6      | Noticed Sigmund
  3716 | D:6      | Killed Sigmund
  3716 | D:6      | Reached skill level 4 in Armour
  3749 | D:6      | Gained mutation: You passively map the area around you.
                  | [Deep Dwarf growth]
  3749 | D:6      | Reached XP level 9. HP: 25/68 MP: 0/12
  3775 | D:6      | Found Xeir's Food Shop.
  3847 | D:6      | Found the +8 orange crystal plate armour {Archmagi, Int+3
                  | Clar}
  3875 | D:6      | Noticed Eustachio
  3909 | D:6      | Killed Eustachio
  3909 | D:6      | Reached skill level 5 in Armour
  4126 | D:7      | Noticed Pikel
  4161 | D:6      | Reached skill level 6 in Armour
  4195 | D:7      | Killed Pikel
  4195 | D:7      | Reached skill level 7 in Armour
  4214 | D:7      | Noticed Prince Ribbit
  4233 | D:7      | Reached skill level 8 in Armour
  4256 | D:7      | HP: 16/68 [Prince Ribbit (7)]
  4261 | D:7      | HP: 4/68 [Prince Ribbit (6)]
  4284 | D:7      | Killed Prince Ribbit
  4284 | D:7      | Reached skill level 9 in Armour
  4297 | D:7      | HP: 11/68 [orc priest/divine providence (12)]
  4336 | D:7      | Found a hide-covered altar of Uskayaw.
  4337 | D:7      | Found a shattered altar of Ashenzari.
  4338 | D:7      | Found an iron altar of Okawaru.
  4416 | D:7      | Noticed Nordron's ghost (novice GrFE)
  4419 | D:7      | Found a transporter.
  4524 | D:7      | Noticed Joseph
  4540 | D:7      | Killed Joseph
  4540 | D:7      | Reached skill level 10 in Armour
  4540 | D:7      | Reached XP level 10. HP: 48/75 MP: 7/13
  4865 | D:8      | Found a glowing golden altar of the Shining One.
  4983 | D:8      | Reached skill level 11 in Armour
  5159 | D:8      | Found a sparkling altar of Nemelex Xobeh.
  5207 | D:9      | Reached *** piety under Makhleb
  5280 | D:9      | Found Zin's Purification Station.
  5303 | D:9      | Found a glowing silver altar of Zin.
  5352 | D:9      | Found a staircase to the Orcish Mines.
  5380 | D:9      | Reached skill level 12 in Armour
  5459 | D:9      | Found a staircase to the Lair.
  5463 | D:9      | Reached skill level 13 in Armour
  5501 | D:9      | HP: 14/76 [crocodile (8)]
  5502 | D:9      | Reached skill level 1 in Fighting
  5508 | D:9      | Reached **** piety under Makhleb
  5526 | D:9      | Reached skill level 2 in Fighting
  5534 | D:9      | Reached skill level 7 in Short Blades
  5534 | D:9      | Reached XP level 11. HP: 74/86 MP: 14/14
  5616 | D:9      | Found Ovele's Book Shoppe.
  5619 | D:9      | Found Zoxkiona's Assorted Antiques.
  5780 | D:9      | Found a basalt altar of Yredelemnul.
  5798 | D:9      | Found a white marble altar of Elyvilon.
  5871 | D:9      | Found Kilabuh's Book Emporium.
  5899 | D:9      | Irenicus: ?? eathquake
  5899 | D:9      | beem: I don't have a page labeled eathquake in my learndb.
  5965 | D:10     | Entered Level 10 of the Dungeon
  6100 | D:10     | Found Neozoc's Magic Scroll Boutique.
  6380 | D:11     | Reached skill level 8 in Short Blades
  6654 | D:11     | Noticed a two-headed ogre
  6697 | D:11     | Killed a two-headed ogre
  6697 | D:11     | Reached skill level 14 in Armour
  6868 | D:12     | Reached ***** piety under Makhleb
  6896 | D:12     | Killed an unseen horror
  6922 | D:12     | Killed an unseen horror
  6971 | D:12     | Noticed a centaur warrior
  6990 | D:12     | Reached skill level 15 in Armour
  7006 | D:12     | Killed a centaur warrior
  7176 | D:12     | Got a pair of dazzling gloves
  7187 | D:12     | Identified the +0 pair of gloves of the Clam {rC- MR++
                  | Str+4 Int+2 SInv} (You found it on level 12 of the Dungeon)
  7283 | D:12     | Noticed a two-headed ogre
  7302 | D:12     | Killed a two-headed ogre
  7302 | D:12     | Reached XP level 12. HP: 93/94 MP: 12/15
  7433 | D:12     | Reached skill level 16 in Armour
  7769 | D:13     | Reached skill level 11 in Earth Magic
  7770 | D:13     | Found a frozen archway.
  7809 | IceCv    | Entered an ice cave
  7822 | IceCv    | HP: 20/94 [wolf spider simulacrum (5)]
  7863 | IceCv    | HP: 23/94 [freezing wraith (6)]
  7870 | IceCv    | HP: 20/94 [freezing wraith (4)]
  7881 | IceCv    | HP: 14/94 [ice statue/shard of ice (17)]
  7882 | IceCv    | HP: 1/94 [ice statue/shard of ice (17)]
  8005 | IceCv    | HP: 23/94 [necromancer/bolt of fire (38)]
  8010 | IceCv    | HP: 19/94 [naga simulacrum (4)]
  8050 | IceCv    | HP: 19/94 [troll simulacrum (8)]
  8062 | IceCv    | HP: 22/94 [draconian simulacrum (9)]
  8176 | IceCv    | Reached skill level 1 in Evocations
  8197 | IceCv    | Reached skill level 2 in Evocations
  8246 | IceCv    | Reached skill level 1 in Invocations
  8304 | IceCv    | Found an ancient bone altar of Kikubaaqudgha.
  8385 | IceCv    | Reached skill level 2 in Invocations
  8399 | IceCv    | Reached ****** piety under Makhleb
  8421 | IceCv    | HP: 21/94 [freezing wraith (4)]
  8426 | IceCv    | Reached skill level 3 in Invocations
  8451 | IceCv    | HP: 19/94 [freezing wraith (8)]
  8454 | IceCv    | HP: 9/94 [freezing wraith (1)]
  8497 | IceCv    | HP: 21/94 [freezing wraith (6)]
  8510 | IceCv    | HP: 8/94 [freezing wraith (6)]
  8510 | IceCv    | HP: 2/94 [freezing wraith (6)]
  8510 | IceCv    | Slain by a freezing wraith

Skill      XL: |  1  2  3  4  5  6  7  8  9 10 11 12 |
---------------+-------------------------------------+-----
Spellcasting   | 2 3 |  3.4
Earth Magic    | 5 7 8 10 11 | 11.9
Short Blades   | 1 2 3 6 7 8 |  8.1
Armour         | 4 10 13 15 16 | 16.2
Fighting       | 2 |  2.3
Evocations     | 2 |  2.3
Invocations    | 3 |  3.0
Dodging        | |  2.1
Stealth        | |  2.4
Transmutations | |  0.8

Action                   |  1- 3 |  4- 6 |  7- 9 | 10-12 || total
-------------------------+-------+-------+-------+-------++-------
Melee: Dagger            |    14 |   168 |   372 |   772 ||  1326
       Quarterstaff      |       |    11 |       |       ||    11
 Cast: Sandblast         |    34 |    34 |    39 |   162 ||   269
       Passwall          |     1 |     9 |     3 |       ||    13
       Stone Arrow       |       |    14 |    24 |       ||    38
Invok: Minor Destruction |       |       |       |     7 ||     7
       Lesser Servant of |       |       |       |     3 ||     3
 Abil: Heal Wounds       |       |     7 |     5 |     5 ||    17
Evoke: Wand              |       |       |    34 |    21 ||    55
       Box of beasts     |       |       |       |     1 ||     1
  Use: Scroll            |     4 |     7 |       |    23 ||    34
       Potion            |     3 |     3 |     4 |     8 ||    18
 Stab: Sleeping          |     4 |     3 |       |       ||     7
       Paralysed         |       |       |     4 |     3 ||     7
       Confused          |       |       |     4 |       ||     4
       Invisible         |       |       |       |     7 ||     7
  Eat: Chunk             |       |     6 |    11 |     7 ||    24
       Ration            |       |       |       |     2 ||     2
Armor: Leather armour    |     2 |    59 |       |       ||    61
       Skin              |     2 |    32 |    24 |       ||    58
       Scale mail        |       |     8 |    97 |       ||   105
       Crystal plate arm |       |       |   258 |  1387 ||  1645
Dodge: Dodged            |    11 |   246 |   110 |   446 ||   813

Levels and vault maps discovered:
D:1:      scummos_arrival_star, layout_loops_ring
D:2:      layout_loops_cross, nicolae_overflow_hidden_temple,
          grunt_qazlal_clouds
D:3:      layout_basic, gammafunk_temple_overflow_arena, uniq_crazy_yiuf_cottage
D:4:      layout_basic, fiery_altar_vehumet, lemuel_round_altar, bloody_makhleb,
          minmay_temple_entry_from_below_a, serial_shops, shop_fountains,
          first_ration, nemelex_xobeh_ov_fountains_minmay
D:5:      kennysheep_windowed_halls, layout_basic
D:6:      layout_loops_ring, fedhas_altar_1, serial_shops, kennysheep_mini,
          minmay_misc_feat_plants, roderic_malta_cross, uniq_sigmund,
          uniq_eustachio, uniq_duvessa
D:7:      layout_cave_pools, gammafunk_temple_overflow_claw,
          gammafunk_ghost_smash, uniq_pikel, uniq_prince_ribbit1, uniq_joseph
D:8:      layout_loops_ring, lemuel_coloured_pillars_altar,
          nicolae_tso_carved_into_rock
D:9:      layout_stronghold, yredelemnul_forgotten_temple_becter, zin_purify,
          minmay_lair_entry_grove, kennysheep_orc_monster_closet_entryway,
          serial_shops, shop_fountains, shop_coins, shop, grunt_pizzeria,
          elyvilon_altar_5
D:10:     cheibrodos_steamvent, layout_basic, serial_shops, shop_fountains,
          lemuel_old_faithful
D:11:     layout_irregular_city, serial_undead, serial_undead_d,
          serial_undead_b, serial_undead_d, serial_undead_c,
          hangedman_decor_growths, chequers_arboretum, hex_medium,
          minmay_nine_imps
D:12:     layout_irregular_city
D:13:     layout_stronghold, serial_shops, kennysheep_little_box,
          kennysheep_mini_moat, nicolae_shop_statue_plus, portal_ice_cave_rime
IceCv:    ice_cave_small_necro

Table legend:
 A = Turns spent in this place as a percentage of turns spent in the entire game.
 B = Non-inter-level travel turns spent in this place as a percentage of non-inter-level travel turns spent in the entire game.
 C = Inter-level travel turns spent in this place as a percentage of turns spent in this place.
 D = Turns resting spent in this place as a percentage of non-inter-level travel turns spent in this place.
 E = Turns spent auto-exploring this place as a percentage of non-inter-level travel turns spent in this place.
 F = Non-inter-level travel turns spent in this place divided by the number of levels of this place that you've seen.
                   A       B       C       D       E      F
               +-------+-------+-------+-------+-------+----------------------
         Total | 100.0 | 100.0 |   0.9 |   0.0 |   0.0 | 602.3
       Dungeon |  91.8 |  91.7 |   1.0 |   0.0 |   0.0 | 594.7
      Ice Cave |   8.2 |   8.3 |   0.0 |   0.0 |   0.0 | 701.0
               +-------+-------+-------+-------+-------+----------------------

Table legend:
 A = Kills in this place as a percentage of kills in entire the game.
 B = Kills by you in this place as a percentage of kills by you in the entire game.
 C = Kills by friends in this place as a percentage of kills by friends in the entire game.
 D = Other kills in this place as a percentage of other kills in the entire game.
 E = Experience gained in this place as a percentage of experience gained in the entire game.
 F = Experience gained in this place divided by the number of levels of this place that you have seen.
                   A       B       C       D       E      F
               +-------+-------+-------+-------+-------+----------------------
         Total | 100.0 | 100.0 | 100.0 | 100.0 | 100.0 | 2105.9
       Dungeon |  89.6 |  90.1 |   0.0 | 100.0 |  89.6 | 2031.1
      Ice Cave |  10.4 |   9.9 | 100.0 |   0.0 |  10.4 | 3078.0
               +-------+-------+-------+-------+-------+----------------------
